 Dungeon Crawl Stone Soup version 0.31.0-32-g396128a36d (webtiles) character file.

Game seed: 11063852998479990337

3057 Skyrie the Fighter (level 9, 0/66 HPs)
             Began as an Octopode Fighter on Mar 10, 2024.
             Killed from afar by a steam dragon (19 damage)
             ... with a ball of steam
             ... on level 7 of the Dungeon.
             The game lasted 00:09:26 (6250 turns).

Skyrie the Fighter (Octopode Fighter)               Turns: 6250, Time: 00:09:26

Health: 0/66       AC:  1    Str: 16    XL:     9   Next: 87%
Magic:  18/21      EV: 18    Int: 12    God:
Gold:   378        SH:  6    Dex: 23    Spells: 9/12 levels left

rFire   . . .        k - +5 war axe "Heenuc" {freeze, rPois rN+ Will+ Dex+4}
rCold   . . .        b - +0 buckler
rNeg    + . .        (helmet restricted)
rPois   +            (no amulet)
rElec   .            M - ring of magical power
rCorr   .            D - +6 ring of dexterity
SInv    .            P - ring of poison resistance
Will    +....        (no ring)
Stlth   ++++         (no ring)
HPRegen 0.31/turn    (no ring)
MPRegen 0.17/turn    (no ring)
                     (no ring)

%: no passive effects
@: lethally poisoned (0 -> -4), inugami summoned
A: almost no armour, amphibious, 8 rings, camouflage 1, gelatinous body 1,
(nimble swimmer 1), tentacles
a: no special abilities


You were on level 7 of the Dungeon.
You visited 1 branch of the dungeon, and saw 7 of its levels.

You collected 378 gold pieces.


Innate Abilities, Weirdness & Mutations

You cannot wear most types of armour.
You are amphibious.
You can wear up to eight rings at the same time.
Your skin changes colour to match your surroundings (Stealth+).
Your rubbery body absorbs attacks. (AC +1, EV +1)
((You are camouflaged when in or above water. (Stealth+)))
You have tentacles for arms and can constrict up to eight enemies at once.


   Skills:
 - Level 8.0 Fighting
 - Level 2.0 Polearms
 - Level 7.0 Dodging
 + Level 3.8 Stealth
 - Level 4.0 Shields
 - Level 2.0 Spellcasting
 - Level 7.0 Summonings
 - Level 4.0 Evocations


You had 9 spell levels left.
You knew the following spells:

 Your Spells              Type           Power      Damage    Failure   Level
c - Call Canine Familiar  Summ           18%        N/A       6%          3

Your spell library contained the following spells:

 Spells                   Type           Power      Damage    Failure   Level
 Summon Small Mammal      Summ           72%        N/A       1%          1
 Summon Blazeheart Golem  Fire/Summ      9%         N/A       63%         4
 Gell's Gravitas          Tloc           1%         N/A       71%         3
 Teleport Other           Tloc           1%         N/A       71%         3
 Dispersal                Tloc           0%         N/A       100%        6

Inventory:

Hand Weapons
 a - a +0 trident
 k - the +5 war axe "Heenuc" (weapon) {freeze, rPois rN+ Will+ Dex+4}
   (You found it on level 2 of the Dungeon)

   Dex+4:     It affects your dexterity (+4).
   rPois:     It protects you from poison rN+: It protects you from negative
   energy.
   Will+:     It increases your willpower.
Missiles
 l - 18 poisoned darts (quivered)
Armour
 b - a +0 buckler (worn)
Jewellery
 D - a +6 ring of dexterity (right tentacle)
 M - a ring of magical power (left tentacle)
 P - a ring of poison resistance (on tentacle)
Wands
 u - a wand of mindburst (11)
Scrolls
 d - a scroll of enchant armour
 e - a scroll of enchant weapon
 f - a scroll of torment
 j - 2 scrolls of noise {unknown}
 o - a scroll of fog
 q - 4 scrolls of teleportation {unknown}
 s - a scroll of immolation {unknown}
 v - a scroll of acquirement {unknown}
Potions
 c - 3 potions of might
 g - 3 potions of curing {@q1}
 h - a potion of enlightenment
 i - a potion of brilliance
 m - a potion of heal wounds {@q2}
 n - a potion of resistance
 p - a potion of ambrosia
 r - a potion of lignification
 t - a potion of berserk rage {unknown}

Dungeon Overview and Level Annotations

Branches:
Dungeon (7/15)             Temple (0/1) D:4

Altars:
Cheibriados
Elyvilon
Hepliaklqana
Ru
Uskayaw

.## .. ###+###.## .
#........#..
#...........
+........#
#...§....#
#..D@....# #.
#..§.....# #
#.##..§.h...+
#.#.##........#
##.#.##.####.###
....##.# .# #
#.#.##.# .#
.##.##.#.##.####.##
...................


You could see a steam dragon (catching breath, ally target) and a friendly
inugami (summoned).


Message History

You closely miss the water moccasin. Your grab misses the water moccasin.
You tentacle-slap the water moccasin.
The water moccasin is almost dead.
You feel very sick. The water moccasin misses you. x2
The steam dragon breathes steam at you. The ball of steam hits you!
You slash the water moccasin!
The water moccasin seems to slow down.
You freeze the water moccasin.
You kill the water moccasin!
You are engulfed in a cloud of scalding steam.
* * * LOW HITPOINT WARNING * * *
You feel very sick.
Training target 7.0 for Dodging reached!
Your Dodging skill increases to level 7!
You are too injured to fight recklessly!
Unknown command.
You are too injured to fight recklessly!
Unknown command.
Casting: Call Canine Familiar (dangerous; 6% risk of failure)
Confirm with . or Enter, or press ? or * to list all spells.
You call for your canine familiar and it appears with a howl!
You are engulfed in a cloud of scalding steam.
* * * LOW HITPOINT WARNING * * *
You feel sick.
Unknown command.
You feel sick. The steam dragon breathes steam at you.
The ball of steam hits you!!
You die...

Skill      XL: |  1  2  3  4  5  6  7  8  9 |
---------------+----------------------------+-----
Fighting       | 4 5 6 7 8 |  8.0
Summonings     | 2 4 5 6 7 |  7.0
Spellcasting   | 1 2 |  2.0
Shields        | 4 |  4.0
Dodging        | 5 7 |  7.0
Evocations     | 4 |  4.0
Stealth        | 3 |  3.8
Polearms       | |  2.0

Action                     |  1- 3 |  4- 6 |  7- 9 || total
---------------------------+-------+-------+-------++-------
  Melee: Trident           |    64 |    21 |       ||    85
         Constrict         |    16 |    12 |    32 ||    60
         Tentacles         |     9 |    11 |    37 ||    57
         War axe           |       |    48 |   127 ||   175
         Punch             |       |       |     3 ||     3
  Throw: Dart              |       |     4 |     5 ||     9
   Cast: Call Canine Famil |       |       |     8 ||     8
    Use: Scroll            |       |     3 |     8 ||    11
   Stab: Sleeping          |     7 |     8 |     6 ||    21
         Distracted        |       |     1 |     3 ||     4
 Armour: Skin              |    16 |    23 |    79 ||   118
  Dodge: Dodged            |    16 |    34 |   108 ||   158
  Block: Buckler           |     6 |     7 |    46 ||    59

Levels and vault maps discovered:
D:1:      minmay_arrival_glassed_features, layout_loops_ring
D:2:      layout_loops_ring, nicolae_hexahallways
D:3:      layout_rooms, cheibrodos_worm_habitat
D:4:      layout_basic, minmay_temple_entry_from_below_a,
          amcnicky_mini_corridor_feature
D:5:      layout_loops_ring, nicolae_overflow_hidden_temple,
          dreamdust_wishing_well, serial_park_tiny_2
D:6:      layout_layer_cave, elyvilon_altar_5, mainiacjoe_overflow_catwalk,
          hangedman_ru_absence
D:7:      layout_basic, gammafunk_temple_overflow_arena,
          nicolae_wu_jian_wuxing_cycle

Notes
Turn   | Place    | Note
-------+----------+-------------------------------------------
     0 | D:1      | Skyrie the Octopode Fighter began the quest for the Orb.
     0 | D:1      | Reached XP level 1. HP: 16/16 MP: 1/1
   154 | D:1      | Reached XP level 2. HP: 21/21 MP: 2/2
   387 | D:1      | Reached skill level 4 in Fighting
   588 | D:1      | Reached XP level 3. HP: 25/27 MP: 3/3
   960 | D:2      | Reached XP level 4. HP: 34/34 MP: 4/4
  1023 | D:2      | Learned a level 3 spell: Call Canine Familiar
  1331 | D:2      | Identified the +5 war axe "Heenuc" {freeze, rPois rN+ Will+
                  | Dex+4}
  1501 | D:3      | Reached skill level 5 in Fighting
  1501 | D:3      | Reached skill level 1 in Summonings
  1554 | D:3      | Reached skill level 2 in Summonings
  1570 | D:3      | Reached XP level 5. HP: 36/39 MP: 5/5
  1675 | D:3      | Reached skill level 3 in Summonings
  1915 | D:3      | Found a snail-covered altar of Cheibriados.
  2132 | D:4      | Identified a potion of resistance
  2156 | D:4      | Noticed an ogre
  2175 | D:4      | Killed an ogre
  2176 | D:4      | Reached skill level 4 in Summonings
  2176 | D:4      | Reached XP level 6. HP: 18/45 MP: 6/6
  2359 | D:4      | Reached skill level 1 in Spellcasting
  2559 | D:4      | Found a staircase to the Ecumenical Temple.
  2758 | D:4      | Reached skill level 4 in Shields
  2758 | D:4      | Reached skill level 5 in Summonings
  2758 | D:4      | Reached XP level 7. HP: 50/50 MP: 8/8
  3038 | D:5      | Entered Level 5 of the Dungeon
  3044 | D:5      | Reached skill level 6 in Summonings
  3049 | D:4      | HP: 5/50 [poisoned by a gnoll]
  3428 | D:5      | Found a hazy altar of Hepliaklqana.
  3595 | D:5      | Reached skill level 6 in Fighting
  3595 | D:5      | Reached XP level 8. HP: 51/57 MP: 9/9
  3701 | D:5      | Reached skill level 7 in Summonings
  3929 | D:5      | Reached skill level 2 in Spellcasting
  4356 | D:6      | Found a hide-covered altar of Uskayaw.
  4390 | D:6      | Found a white marble altar of Elyvilon.
  4416 | D:6      | Reached skill level 7 in Fighting
  4416 | D:6      | Reached skill level 4 in Dodging
  4488 | D:6      | Reached skill level 5 in Dodging
  4488 | D:6      | Reached XP level 9. HP: 21/64 MP: 12/12
  4724 | D:6      | Reached skill level 6 in Dodging
  4965 | D:6      | Noticed a two-headed ogre
  5268 | D:6      | Found a sacrificial altar of Ru.
  5384 | D:6      | Killed a two-headed ogre
  5385 | D:6      | Reached skill level 8 in Fighting
  5385 | D:6      | Reached skill level 4 in Evocations
  6145 | D:7      | Reached skill level 1 in Stealth
  6165 | D:7      | Reached skill level 2 in Stealth
  6169 | D:7      | Reached skill level 3 in Stealth
  6249 | D:7      | Reached skill level 7 in Dodging
  6250 | D:7      | Killed from afar by a steam dragon

Vanquished Creatures
  A two-headed ogre (D:6)
  2 water moccasins
  A black bear (D:6)
  An ice beast (D:5)
  An orc warrior (D:6)
  2 centaurs (D:6)
  3 ogres
  A phantom (D:4)
  2 kobold brigands
  2 scorpions
  4 wights (D:7)
  3 killer bees (D:6)
  2 howler monkeys (D:5)
  3 jellies
  3 orc priests
  3 bombardier beetles
  4 hounds
  A sleepcap (D:5)
  4 iguanas
  2 orc wizards
  5 gnolls
  7 adders
  5 dart slugs
  4 ribbon worms
  14 orcs
  5 ball pythons
  9 bats
  4 endoplasms (D:2)
  2 giant cockroaches (D:4)
  6 goblins
  7 hobgoblins
  4 jackals
  3 quokkas (D:1)
  3 frilled lizards
  15 kobolds
  6 rats
144 creatures vanquished.

Vanquished Creatures (collateral kills)
  4 gnolls (D:5)
  3 kobolds (D:6)
7 creatures vanquished.

Grand Total: 151 creatures vanquished

Table legend: (Time is in decaauts)
 A = Elapsed time spent in this place.
 B = Non-inter-level travel time spent in this place.
 C = Inter-level travel time spent in this place.
 D = Time resting spent in this place.
 E = Time spent auto-exploring this place.
 F = Levels seen in this place.
 G = Mean time per level.
                   A        B        C        D        E       F      G
               +--------+--------+--------+--------+--------+-----+--------+
         Total |   6352 |   6127 |    225 |   1232 |   3850 |   7 |  907.4 |
       Dungeon |   6352 |   6127 |    225 |   1232 |   3850 |   7 |  907.4 |
               +--------+--------+--------+--------+--------+-----+--------+

Top non-repeatable levels by time:
     D:6: 1638 daAuts
     D:4: 1244 daAuts
     D:5: 1158 daAuts
     D:2: 808 daAuts
     D:1: 707 daAuts
     D:3: 645 daAuts
     D:7: 148 daAuts

Table legend:
 A = Non-vault XP
 B = Vault XP
 C = Vault XP percentage of total XP
 D = Non-vault monster count
 E = Vault monster count
 F = Vault count percentage of total count
                 A         B        C        D         E       F
            +---------+---------+-------+---------+---------+-------
      Total |    4363 |       5 |   0.1 |     150 |       1 |   0.7
            +---------+---------+-------+---------+---------+-------
        D:1 |      47 |       0 |   0.0 |      23 |       0 |   0.0
        D:2 |      67 |       0 |   0.0 |      21 |       0 |   0.0
        D:3 |     173 |       5 |   2.8 |      17 |       1 |   5.6
        D:4 |     609 |       0 |   0.0 |      20 |       0 |   0.0
        D:5 |     894 |       0 |   0.0 |      24 |       0 |   0.0
        D:6 |    2024 |       0 |   0.0 |      33 |       0 |   0.0
        D:7 |     549 |       0 |   0.0 |      12 |       0 |   0.0
            +---------+---------+-------+---------+---------+-------
